 Dungeon Crawl Stone Soup version 0.29-a0-409-gd843f3a48c (webtiles) character file.

Game seed: 14677578904286521902

73920 croobank the Covert (level 15, -1/120 HPs)
             Began as a Gnoll Delver on May 13, 2022.
             Was an Initiate of Gozag.
             Slain by an azure jelly (2 damage)
             ... on level 1 of the Pits of Slime.
             The game lasted 01:58:50 (29940 turns).

croobank the Covert (Gnoll Delver)                 Turns: 29940, Time: 01:58:55

Health: -1/120     AC: 14    Str: 13    XL:     15   Next: 45%
Magic:  0/29       EV: 17    Int: 20    God:    Gozag
Gold:   5868       SH:  0    Dex: 15    Spells: 1/34 levels left

rFire   + + +      SeeInvis +   a - +10 mace "Fitid" {flame, Int+4}
rCold   . . .      Faith    .   (no shield)
rNeg    . . .      Spirit   +   G - +1 leather armour {rPois}
rPois   +          Reflect  .   j - +2 helmet {SInv}
rElec   .          Harm     .   (no cloak)
rCorr   .          Rampage  .   I - +2 pair of gloves
Will    ++...                   (no boots)
Stlth   ++++++....              s - amulet of guardian spirit
HPRegen 0.30/turn               T - +6 ring of dexterity
MPRegen 0.21/turn               m - ring "Beguje" {Drain rF+++ Will+ Dex-4 Stlth+}

@: gold aura
A: fangs 1, strong nose, distributed training, iridescent scales 1, sense
surroundings 1
a: Renounce Religion, Potion Petition, Call Merchant, Bribe Branch


You were on level 1 of the Pits of Slime.
You worshipped Gozag.
Gozag was greatly pleased with you.
You visited 4 branches of the dungeon, and saw 20 of its levels.
You also visited: Sewer.

You collected 6261 gold pieces.
You paid 393 gold pieces to Gozag.

Inventory:

Hand Weapons
 a - the +10 mace "Fitid" (weapon) {flame, Int+4}
   (You found it on level 3 of the Dungeon)

   It burns those it strikes, dealing additional fire damage.
   Int:       It affects your intelligence (+4).
 D - a +0 morningstar of protection
 E - a +4 vorpal dire flail
 O - a +2 vampiric trident
 S - a +3 war axe
 U - a +0 battleaxe
Missiles
 F - 14 boomerangs
 Q - 4 silver javelins
 Y - 2 curare-tipped darts (quivered)
Armour
 j - a +2 helmet of see invisible (worn)
 q - the +5 chain mail of the Gloaming {rC+++ Will- Str+3}
   (You found it on level 2 of the Dungeon)

   Str:       It affects your strength (+3).
   rC:        It renders you almost immune to cold.
   Will:      It decreases your willpower.
 G - a +1 leather armour of poison resistance (worn)
 I - a +2 pair of gloves (worn)
 Z - a +0 leather armour of fire resistance
Magical Staves
 w - a staff of earth
Jewellery
 m - the ring "Beguje" (right hand) {Drain rF+++ Will+ Dex-4 Stlth+}
   (You acquired it on level 7 of the Dungeon)

   [ring of willpower]

   Dex:       It affects your dexterity (-4).
   rF:        It renders you almost immune to fire.
   Drain:     It drains your maximum health when unequipped.
   Will:      It increases your willpower.
   Stlth:     It makes you more stealthy.
 s - an amulet of guardian spirit (around neck)
 v - a ring of flight
 B - a +4 ring of protection
 J - a ring of ice
 L - a ring of poison resistance
 T - a +6 ring of dexterity (left hand)
 V - a +6 ring of dexterity
Wands
 b - a wand of charming (4)
 g - a wand of digging (1)
 r - a wand of mindburst (20)
 x - a wand of polymorph (5)
 C - a wand of flame (17)
 K - a wand of iceblast (1)
 P - a wand of paralysis (5)
 R - a wand of acid (10)
Scrolls
 c - 3 scrolls of fog
 e - 3 scrolls of fear
 o - a scroll of blinking
 y - 5 scrolls of poison
 A - a scroll of immolation {unknown}
 M - a scroll of magic mapping
 X - 2 scrolls of teleportation
Potions
 d - 7 potions of curing
 f - a potion of haste
 h - a potion of heal wounds
 i - 8 potions of brilliance
 k - 7 potions of mutation
 l - 3 potions of flight
 n - 2 potions of might
 p - 5 potions of ambrosia
 t - 5 potions of cancellation
 u - 2 potions of invisibility
 z - a potion of magic
 H - 3 potions of attraction
 N - 2 potions of resistance
 W - 2 potions of lignification


   Skills:
 + Level 11.9 Fighting
 + Level 10.0 Short Blades
 + Level 10.0 Long Blades
 + Level 11.0 Axes
 + Level 10.0 Maces & Flails
 + Level 10.0 Polearms
 + Level 10.0 Staves
 + Level 10.0 Slings
 + Level 10.0 Bows
 + Level 10.0 Crossbows
 + Level 10.0 Throwing
 + Level 10.0 Armour
 + Level 11.0 Dodging
 + Level 13.6 Stealth
 + Level 10.0 Shields
 + Level 10.0 Unarmed Combat
 + Level 10.0 Spellcasting
 + Level 8.3 Conjurations
 + Level 8.3 Hexes
 + Level 8.3 Summonings
 + Level 8.3 Necromancy
 + Level 8.3 Translocations
 + Level 8.3 Transmutations
 + Level 8.3 Fire Magic
 + Level 8.3 Ice Magic
 + Level 8.3 Air Magic
 + Level 8.3 Earth Magic
 + Level 8.3 Poison Magic
 + Level 10.8 Invocations
 + Level 10.0 Evocations


You had one spell level left.
You knew the following spells:

 Your Spells              Type           Power      Damage    Failure   Level
a - Scorch                Fire           86%        2d9       1%          2
b - Flame Wave            Conj/Fire      43%        2d9       2%          4
c - Conjure Flame         Conj/Fire      43%        6-21      1%          3
d - Sticky Flame          Conj/Fire      43%        2d6       2%          4
e - Frozen Ramparts       Ice            86%        1d10      1%          3
f - Stone Arrow           Conj/Erth      86%        3d12      1%          3
g - Summon Ice Beast      Ice/Summ       43%        N/A       2%          4
h - Blade Hands           Tmut           21%        N/A       8%          5
i - Irradiate             Conj/Tmut      21%        3d20      8%          5

Your spell library contained the following spells:

 Spells                   Type           Power      Damage    Failure   Level
 Pain                     Necr           100%       1d9       1%          1
 Shock                    Conj/Air       100%       1d9       1%          1
 Corpse Rot               Necr/Air       86%        N/A       1%          2
 Sublimation of Blood     Necr           43%        N/A       1%          2
 Gell's Gravitas          Tloc           43%        N/A       1%          3
 Ignite Poison            Fire/Tmut/Pois 43%        N/A       1%          3
 Lesser Beckoning         Tloc           43%        N/A       1%          3
 Portal Projectile        Hex/Tloc       86%        N/A       1%          3
 Swiftness                Air            43%        N/A       1%          3
 Teleport Other           Tloc           43%        N/A       1%          3
 Vampiric Draining        Necr           43%        2d9       1%          3
 Airstrike                Air            21%        N/A       2%          4
 Animate Armour           Summ/Erth      86%        N/A       2%          4
 Dispel Undead            Necr           43%        3d17      2%          4
 Ice Form                 Ice/Tmut       43%        N/A       2%          4
 Petrify                  Tmut/Erth      43%        N/A       2%          4
 Agony                    Necr           43%        N/A       8%          5
 Excruciating Wounds      Necr           21%        N/A       8%          5
 Fireball                 Conj/Fire      21%        3d10      8%          5
 Iskenderun's Battlesphe  Conj           43%        2d9       8%          5
 Conjure Ball Lightning   Conj/Air       21%        3x3d6     38%         6
 Death Channel            Necr           21%        N/A       38%         6
 Summon Cactus Giant      Summ           21%        N/A       38%         6
 Orb of Destruction       Conj           21%        9d8       92%         7
 Lehudib's Crystal Spear  Conj/Erth      21%        10d6      100%        8


Dungeon Overview and Level Annotations

Branches:
Dungeon (11/15)            Temple (0/1) D:5            Lair (6/6) D:8
 Shoals (0/4) Lair:3       Spider (0/4) Lair:4        Slime (1/5) Lair:6
    Orc (2/2) D:9           Sewer (visited)
    Elf: Orc:2

Altars:
Gozag
Hepliaklqana
Kikubaaqudgha
Makhleb
Nemelex Xobeh
Okawaru
Qazlal
Sif Muna
Vehumet
Zin
Beogh
Jiyva

Shops:
D:6 (

Annotations:
D:11 Harold
Lair:1 3 runed translucent doors, Lutem's ghost, journeyman MiFi; Ruacs's ghost, novice DjFE
Lair:5 3 runed translucent doors, Oczostyts's ghost, journeyman DECj; Usoal Hoge's ghost, journeyman DjIE


Innate Abilities, Weirdness & Mutations

You have very sharp teeth.
Your uncanny sense of smell can sniff out nearby items.
Your experience applies equally to all skills.
You are partially covered in iridescent scales. (AC +2)
You passively map a small area around you.


Message History

Restarting spell: Flame Wave (mildly dangerous; 2% risk of failure)
Press: ? - help, Dir - look around, f - activate A wave of flame ripples out!
The flame wave engulfs the slime creature!
The slime creature is heavily wounded.
The flame wave engulfs the azure jelly.
The azure jelly is burned terribly!
The azure jelly is moderately wounded.
The flame wave engulfs the large slime creature.
The large slime creature is moderately wounded. (Press . to intensify the flame waves.)
The slime creature hits you! The azure jelly hits you.
The azure jelly freezes you!!! The azure jelly closely misses you.
The azure jelly hits you!
The azure jelly hits you but does no damage.
Your magical contamination has completely faded away.
A wave of flame ripples out!
The flame wave engulfs the slime creature!
The slime creature is severely wounded.
The flame wave engulfs the azure jelly!
The azure jelly is burned terribly!
The azure jelly is heavily wounded.
The flame wave engulfs the large slime creature!
The large slime creature is moderately wounded.
The flame wave engulfs the slime creature!
The slime creature is lightly wounded.
The flame wave engulfs the slime creature!
The slime creature is lightly wounded.
The flame wave engulfs the slime creature.
The slime creature is moderately wounded.
A quicksilver ooze comes into view.
A slime creature comes into view.
The slime creature hits you but does no damage.
Two slime creatures merge to form a large slime creature.
Two slime creatures merge to form a very large slime creature.
The azure jelly closely misses you. The azure jelly hits you.
The azure jelly freezes you!!
* * * LOW HITPOINT WARNING * * *
The azure jelly hits you.
* * * LOW HITPOINT WARNING * * *
The azure jelly hits you.
You die...
Your body crumbles into a pile of gold.

#...#..#. ,
##........##
,
##.#........#
#.......#....
##.......#...
,
#...........J
, ,
##...JJ......
#..<$@J.....J
*
#..$$$J.J....
,
#..>...#.....
#.......#....
##...........
............,
#....>.....#.
..>.........


You could see an azure jelly, a very large slime creature, a large slime
creature, 3 slime creatures and a quicksilver ooze.

Vanquished Creatures
  Kirke (Lair:5)
  Josephine (D:11)
  A fire dragon (Lair:6)
  Fannar (Lair:1)
  5 hydras
  2 boulder beetles
  2 two-headed ogres
  A catoblepas (Lair:6)
  A centaur warrior (D:10)
  6 death yaks
  Sonja (D:10)
  A swamp dragon (Lair:6)
  3 lindwurms
  2 wolf spiders
  An oklob plant (Lair:5)
  2 manticores (Lair:6)
  3 elephants
  5 black mambas
  A torpor snail (Lair:6)
  A merfolk siren (Lair:3)
  19 cane toads
  A kobold demonologist (D:9)
  4 rime drakes (Lair:6)
  14 komodo dragons
  2 trolls (Orc:1)
  4 meliai
  A queen bee (Lair:5)
  A polar bear (Lair:2)
  5 blink frogs
  8 dream sheep
  4 slime creatures (Slime:1)
  6 wraiths
  A shadow (D:11)
  7 wyverns
  50 yaks
  4 steam dragons
  6 basilisks
  3 acid dragons (Lair:6)
  3 vampire mosquitoes (D:11)
  15 water moccasins
  A sky beast (D:7)
  11 orc warriors
  An ice beast (D:8)
  5 ogres
  32 wolves
  2 phantoms
  3 centaurs
  8 bullfrogs
  3 scorpions (D:5)
  4 wights
  44 killer bees
  5 howler monkeys
  6 hounds
  5 orc priests
  4 jellies
  Jessica (D:3)
  2 gnoll shamans
  4 iguanas
  15 orc wizards
  Terence (D:2)
  12 adders
  13 gnolls
  2 shadow imps
  2 white imps
  2 ufetubi
  4 worms
  3 dart slugs
  49 orcs
  11 ball pythons
  19 endoplasms
  6 giant cockroaches
  5 goblins
  8 hobgoblins
  5 jackals (D:1)
  5 kobolds
  3 quokkas
  6 bats
  7 frilled lizards
  9 rats
527 creatures vanquished.

Vanquished Creatures (collateral kills)
  3 hydras
  A catoblepas (Lair:6)
  2 death yaks
  A manticore (Lair:5)
  A cane toad (Lair:5)
  A slime creature (Slime:1)
  A basilisk (Lair:6)
  A water moccasin (Lair:6)
  A wolf (Lair:5)
  A killer bee (Lair:5)
  5 iguanas (Lair:6)
18 creatures vanquished.

Vanquished Creatures (others)
  4 humans (Lair:5)
  A swamp drake (Lair:6)
  A water moccasin (Lair:5)
  A wolf (Lair:5)
  3 killer bees (Lair:5)
  An iguana (Lair:6)
  27 fungi
  82 plants
  8 withered plants
128 creatures vanquished.

Grand Total: 673 creatures vanquished

Notes
Turn   | Place    | Note
-------+----------+-------------------------------------------
     0 | D:5      | Reached skill level 9 in Stealth
     0 | D:5      | croobank the Gnoll Delver began the quest for the Orb.
     0 | D:5      | Reached XP level 1. HP: 23/23 MP: 1/1
   255 | D:5      | Noticed a hound
   272 | D:5      | Noticed a hound
   298 | D:4      | Reached XP level 2. HP: 27/29 MP: 2/2
   374 | D:3      | Found a faded altar of an unknown god.
   475 | D:1      | Reached XP level 3. HP: 28/35 MP: 3/3
   836 | D:1      | Reached skill level 1 in Invocations
  1050 | D:1      | Reached skill level 1 in Short Blades
  1050 | D:1      | Reached skill level 1 in Long Blades
  1050 | D:1      | Reached skill level 1 in Maces & Flails
  1050 | D:1      | Reached skill level 1 in Polearms
  1050 | D:1      | Reached skill level 1 in Staves
  1050 | D:1      | Reached skill level 1 in Slings
  1050 | D:1      | Reached skill level 1 in Bows
  1050 | D:1      | Reached skill level 1 in Crossbows
  1050 | D:1      | Reached skill level 1 in Throwing
  1050 | D:1      | Reached skill level 1 in Armour
  1050 | D:1      | Reached skill level 1 in Shields
  1050 | D:1      | Reached skill level 1 in Unarmed Combat
  1050 | D:1      | Reached skill level 1 in Spellcasting
  1050 | D:1      | Reached skill level 1 in Evocations
  1227 | D:1      | Reached XP level 4. HP: 41/41 MP: 5/5
  1795 | D:2      | Identified the +5 chain mail of the Gloaming {rC+++ Will-
                  | Str+3}
  1925 | D:2      | Got the Catalogue of Evil Magic
  1954 | D:2      | Noticed Terence
  1991 | D:2      | Killed Terence
  1992 | D:2      | Reached skill level 1 in Conjurations
  1992 | D:2      | Reached skill level 1 in Hexes
  1992 | D:2      | Reached skill level 1 in Summonings
  1992 | D:2      | Reached skill level 1 in Necromancy
  1992 | D:2      | Reached skill level 1 in Translocations
  1992 | D:2      | Reached skill level 1 in Transmutations
  1992 | D:2      | Reached skill level 1 in Fire Magic
  1992 | D:2      | Reached skill level 1 in Ice Magic
  1992 | D:2      | Reached skill level 1 in Air Magic
  1992 | D:2      | Reached skill level 1 in Earth Magic
  1992 | D:2      | Reached skill level 1 in Poison Magic
  2261 | D:2      | Reached XP level 5. HP: 41/47 MP: 6/6
  2836 | D:3      | Noticed a phantom
  2875 | D:3      | Killed a phantom
  3059 | D:3      | Identified the +10 mace "Fitid" {flame, Int+4}
  3072 | D:3      | Noticed Jessica
  3075 | D:3      | Killed Jessica
  3076 | D:3      | Reached XP level 6. HP: 53/53 MP: 8/8
  3305 | D:3      | Reached skill level 5 in Axes
  3305 | D:3      | Reached skill level 5 in Dodging
  3586 | D:3      | Found an opulent altar of Gozag.
  3587 | D:3      | Found a glowing silver altar of Zin.
  3591 | D:3      | Became a worshipper of Gozag Ym Sagoz the Greedy
  3595 | D:3      | Found a sparkling altar of Nemelex Xobeh.
  4376 | D:4      | Learned a level 2 spell: Scorch
  4381 | D:4      | Learned a level 4 spell: Flame Wave
  4385 | D:4      | Learned a level 3 spell: Conjure Flame
  4581 | D:4      | Reached XP level 7. HP: 36/59 MP: 6/10
  5039 | D:5      | Found an ancient bone altar of Kikubaaqudgha.
  5083 | D:5      | Reached skill level 10 in Stealth
  5239 | D:5      | Reached XP level 8. HP: 66/67 MP: 12/12
  5247 | D:5      | Found a staircase to the Ecumenical Temple.
  5510 | D:6      | Gained mutation: You passively map a small area around you.
                  | [potion of mutation]
  5510 | D:6      | Gained mutation: You are partially covered in iridescent
                  | scales. (AC +2) [potion of mutation]
  5717 | D:6      | Found a stormy altar of Qazlal.
  5724 | D:6      | Found a glowing drain.
  5745 | Sewer    | Entered a sewer
  5950 | Sewer    | Found a viscous altar of Jiyva.
  6428 | D:6      | Found Kimuss's Antique Weapon Shop.
  6718 | D:6      | Learned a level 4 spell: Sticky Flame
  6895 | D:7      | Noticed a yak
  6895 | D:7      | Noticed a yak
  6895 | D:7      | Noticed a yak
  6895 | D:7      | Noticed a yak
  6895 | D:7      | Noticed a yak
  6928 | D:6      | Killed a yak
  6929 | D:6      | Reached XP level 9. HP: 64/73 MP: 14/14
  7115 | D:7      | Identified a scroll of acquirement
  7115 | D:7      | Acquired the ring "Beguje" {Drain rF+++ Will+ Dex-4 Stlth+}
  8098 | D:7      | Found a shimmering blue altar of Sif Muna.
  8467 | D:8      | Found a burning altar of Makhleb.
  8468 | D:8      | Found a hazy altar of Hepliaklqana.
  8468 | D:8      | Found an iron altar of Okawaru.
  8546 | D:8      | Reached skill level 5 in Invocations
  8825 | D:8      | Found a staircase to the Lair.
  9149 | D:8      | Reached XP level 10. HP: 78/80 MP: 17/17
  9226 | D:8      | Reached skill level 5 in Short Blades
  9226 | D:8      | Reached skill level 5 in Long Blades
  9226 | D:8      | Reached skill level 5 in Maces & Flails
  9226 | D:8      | Reached skill level 5 in Polearms
  9226 | D:8      | Reached skill level 5 in Staves
  9226 | D:8      | Reached skill level 5 in Slings
  9226 | D:8      | Reached skill level 5 in Bows
  9226 | D:8      | Reached skill level 5 in Crossbows
  9226 | D:8      | Reached skill level 5 in Throwing
  9226 | D:8      | Reached skill level 5 in Armour
  9226 | D:8      | Reached skill level 5 in Shields
  9226 | D:8      | Reached skill level 5 in Unarmed Combat
  9226 | D:8      | Reached skill level 5 in Spellcasting
  9226 | D:8      | Reached skill level 5 in Evocations
 10014 | D:9      | Reached skill level 11 in Stealth
 10078 | D:9      | Noticed a kobold demonologist
 10088 | D:9      | Noticed a sun demon
 10112 | D:9      | Killed a kobold demonologist
 10506 | D:9      | Reached XP level 11. HP: 87/87 MP: 19/19
 10777 | D:9      | Found a staircase to the Orcish Mines.
 10871 | D:10     | Entered Level 10 of the Dungeon
 11102 | D:10     | Found a radiant altar of Vehumet.
 11283 | D:10     | Noticed Sonja
 11284 | D:10     | Killed Sonja
 11285 | D:10     | Reached skill level 5 in Conjurations
 11285 | D:10     | Reached skill level 5 in Hexes
 11285 | D:10     | Reached skill level 5 in Summonings
 11285 | D:10     | Reached skill level 5 in Necromancy
 11285 | D:10     | Reached skill level 5 in Translocations
 11285 | D:10     | Reached skill level 5 in Transmutations
 11285 | D:10     | Reached skill level 5 in Fire Magic
 11285 | D:10     | Reached skill level 5 in Ice Magic
 11285 | D:10     | Reached skill level 5 in Air Magic
 11285 | D:10     | Reached skill level 5 in Earth Magic
 11285 | D:10     | Reached skill level 5 in Poison Magic
 11840 | D:10     | Noticed a centaur warrior
 11855 | D:10     | Killed a centaur warrior
 12312 | D:10     | Noticed a two-headed ogre
 12322 | D:10     | Killed a two-headed ogre
 12406 | D:11     | Noticed Harold
 12406 | D:11     | Noticed a boulder beetle
 12525 | D:11     | Noticed Josephine
 12561 | D:11     | Killed Josephine
 12614 | D:11     | Noticed a boulder beetle
 12807 | Orc:1    | Entered Level 1 of the Orcish Mines
 13249 | Orc:1    | Learned a level 3 spell: Frozen Ramparts
 13253 | Orc:1    | Learned a level 3 spell: Stone Arrow
 13258 | Orc:1    | Learned a level 4 spell: Summon Ice Beast
 13273 | Orc:2    | Entered Level 2 of the Orcish Mines
 14129 | Orc:2    | Noticed a two-headed ogre
 14144 | Orc:1    | Killed a two-headed ogre
 14156 | Orc:2    | Noticed a two-headed ogre
 14162 | Orc:2    | Noticed a two-headed ogre
 14163 | Orc:2    | Noticed an ogre mage
 14224 | Lair:1   | Entered Level 1 of the Lair of Beasts
 14239 | Lair:1   | Reached XP level 12. HP: 83/96 MP: 13/22
 14245 | Lair:1   | Noticed a four-headed hydra
 14261 | Lair:1   | Killed a four-headed hydra
 14958 | Lair:1   | Found a runed translucent gate.
 14958 | Lair:1   | Found a runed translucent gate.
 14958 | Lair:1   | Found a runed translucent gate.
 14958 | Lair:1   | Found the +7 staff of the Meek {protect, meekguard}
 14959 | Lair:1   | Noticed Ruacs's ghost (novice DjFE)
 14960 | Lair:1   | Noticed Lutem's ghost (journeyman MiFi)
 14960 | Lair:1   | Noticed Lutem's ghost (journeyman MiFi)
 14981 | Lair:1   | Noticed Fannar
 15016 | Lair:1   | Killed Fannar
 15019 | Lair:1   | Noticed a six-headed hydra
 15040 | Lair:1   | Killed a six-headed hydra
 15612 | Lair:2   | Reached skill level 10 in Fighting
 15612 | Lair:2   | Reached skill level 12 in Stealth
 15612 | Lair:2   | Reached XP level 13. HP: 103/103 MP: 22/24
 15855 | Lair:1   | HP: 1/104 [wolf spider (10)]
 18410 | Lair:3   | Learned a level 5 spell: Blade Hands
 18859 | Lair:3   | Reached XP level 14. HP: 93/111 MP: 19/26
 19441 | Lair:3   | Found a staircase to the Shoals.
 21050 | Lair:4   | Reached skill level 10 in Axes
 21050 | Lair:4   | Reached skill level 10 in Dodging
 21169 | Lair:4   | Found a hole to the Spider Nest.
 21810 | Lair:5   | Found a runed translucent gate.
 21810 | Lair:5   | Found a runed translucent gate.
 21925 | Lair:5   | Found a runed translucent gate.
 21942 | Lair:5   | Noticed Kirke
 21964 | Lair:5   | Killed Kirke
 22630 | Lair:6   | Entered Level 6 of the Lair of Beasts
 22884 | Lair:5   | Reached skill level 13 in Stealth
 23146 | Lair:5   | Reached skill level 10 in Invocations
 25124 | Lair:5   | Noticed Usoal Hoge's ghost (journeyman DjIE)
 25124 | Lair:5   | Noticed Oczostyts's ghost (journeyman DECj)
 25124 | Lair:5   | Noticed Usoal Hoge's ghost (journeyman DjIE)
 26581 | Lair:6   | Found a viscous altar of Jiyva.
 26581 | Lair:6   | Found a staircase to the Slime Pits.
 26603 | Lair:6   | Reached XP level 15. HP: 48/119 MP: 2/28
 29766 | Lair:6   | Acquired a book of Alchemy
 29774 | Lair:6   | Learned a level 5 spell: Irradiate
 29921 | Slime:1  | Entered Level 1 of the Pits of Slime
 29929 | Slime:1  | Reached skill level 10 in Short Blades
 29929 | Slime:1  | Reached skill level 10 in Long Blades
 29929 | Slime:1  | Reached skill level 10 in Maces & Flails
 29929 | Slime:1  | Reached skill level 10 in Polearms
 29929 | Slime:1  | Reached skill level 10 in Staves
 29929 | Slime:1  | Reached skill level 10 in Slings
 29929 | Slime:1  | Reached skill level 10 in Bows
 29929 | Slime:1  | Reached skill level 10 in Crossbows
 29929 | Slime:1  | Reached skill level 10 in Throwing
 29929 | Slime:1  | Reached skill level 10 in Armour
 29929 | Slime:1  | Reached skill level 10 in Shields
 29929 | Slime:1  | Reached skill level 10 in Unarmed Combat
 29929 | Slime:1  | Reached skill level 10 in Spellcasting
 29929 | Slime:1  | Reached skill level 10 in Evocations
 29933 | Slime:1  | Noticed an azure jelly
 29940 | Slime:1  | HP: 1/120 [azure jelly (6)]
 29940 | Slime:1  | Slain by an azure jelly

Illustrated notes

Levels and vault maps discovered:
D:1:      scummos_arrival_hexagon, layout_basic, serial_bayou,
          serial_bayou_lagoon_a, serial_bayou_lake_a, serial_bayou_pond_c,
          serial_bayou_crossing, st_stairs_1, nicolae_figureground_pulse
D:2:      layout_loops_ring, uniq_terence
D:3:      layout_basic, minitemple, dreamdust_ecumenical_altar_statues,
          uniq_jessica
D:4:      nicolae_cairo_tiling, layout_gridville
D:5:      layout_rooms, kiku_gazebo_garden_becter, temple_hall
D:6:      layout_basic, overflow_temple_1_default, gup_sewer_entry_glass,
          serial_shops, nicolae_lakefront_shop, skrybe_limestone_x
D:7:      layout_gridville, mainiacjoe_overflow_chevrons,
          nicolae_ossuary_entry_monument, hangedman_glass_teeth, st_stairs_7,
          dreamdust_mushroom_princess
D:8:      minmay_goldmine, layout_basic,
          chequers_temple_overflow_statue_of_worship, wad_dig_loot
D:9:      layout_roguey, orc_0_dummy, grunt_decor_clamped
D:10:     layout_long_grid, mainiacjoe_overflow_cross_hatched, uniq_sonja
D:11:     layout_rooms, minivault_7, uniq_harold, uniq_josephine
Lair:1:   layout_chaotic_city, gammafunk_ghost_cemetery, grunt_megastairs_3,
          infiniplex_staircase_pool, uniq_fannar
Lair:2:   layout_cave_pods, nicolae_volcano_entry_s_turn,
          nicolae_lair_run_with_the_wolves
Lair:3:   layout_hall_layers, minmay_shoals_entry_lonely_mermaid, serial_rivers,
          chequers_serial_rivers_room_a, chequers_serial_rivers_marsh,
          chequers_serial_rivers_marsh, chequers_serial_rivers_micro_e,
          chequers_serial_rivers_small_3, chequers_serial_rivers_small_b,
          lemuel_fruit_tree
Lair:4:   layout_small_grid, hellmonk_spider_entry_not_the_bees
Lair:5:   regret_index_tunnel_blossom, layout_regular_city,
          gammafunk_ghost_cemetery, serial_bayou_shore_b, uniq_kirke
Lair:6:   guppyfry_lair_end_dragon, layout_hall_layers,
          hangedman_lair_in_review, slime_altar_1, infiniplex_staircase_pool_2
Slime:1:  layout_caves
Orc:1:    layout_caves, basic_altar
Orc:2:    grunt_orc_tribal_feast, layout_caves, basic_altar,
          nicolae_orc_lava_tube

Skill      XL: |  1  2  3  4  5  6  7  8  9 10 11 12 13 14 15 |
---------------+----------------------------------------------+-----
Stealth        | 10 11 12 13 | 13.6
Invocations    | 1 2 3 4 5 6 7 8 9 10 | 10.8
Short Blades   | 1 2 3 4 5 6 7 8 9 10 | 10.0
Long Blades    | 1 2 3 4 5 6 7 8 9 10 | 10.0
Maces & Flails | 1 2 3 4 5 6 7 8 9 10 | 10.0
Polearms       | 1 2 3 4 5 6 7 8 9 10 | 10.0
Staves         | 1 2 3 4 5 6 7 8 9 10 | 10.0
Slings         | 1 2 3 4 5 6 7 8 9 10 | 10.0
Bows           | 1 2 3 4 5 6 7 8 9 10 | 10.0
Crossbows      | 1 2 3 4 5 6 7 8 9 10 | 10.0
Throwing       | 1 2 3 4 5 6 7 8 9 10 | 10.0
Armour         | 1 2 3 4 5 6 7 8 9 10 | 10.0
Shields        | 1 2 3 4 5 6 7 8 9 10 | 10.0
Unarmed Combat | 1 2 3 4 5 6 7 8 9 10 | 10.0
Spellcasting   | 1 2 3 4 5 6 7 8 9 10 | 10.0
Evocations     | 1 2 3 4 5 6 7 8 9 10 | 10.0
Conjurations   | 1 2 3 4 5 6 7 8 |  8.3
Hexes          | 1 2 3 4 5 6 7 8 |  8.3
Summonings     | 1 2 3 4 5 6 7 8 |  8.3
Necromancy     | 1 2 3 4 5 6 7 8 |  8.3
Translocations | 1 2 3 4 5 6 7 8 |  8.3
Transmutations | 1 2 3 4 5 6 7 8 |  8.3
Fire Magic     | 1 2 3 4 5 6 7 8 |  8.3
Ice Magic      | 1 2 3 4 5 6 7 8 |  8.3
Air Magic      | 1 2 3 4 5 6 7 8 |  8.3
Earth Magic    | 1 2 3 4 5 6 7 8 |  8.3
Poison Magic   | 1 2 3 4 5 6 7 8 |  8.3
Axes           | 5 6 7 8 9 10 11 | 11.0
Dodging        | 5 6 7 8 9 10 11 | 11.0
Fighting       | 7 8 9 10 11 | 11.9

Action                   |  1- 3 |  4- 6 |  7- 9 | 10-12 | 13-15 || total
-------------------------+-------+-------+-------+-------+-------++-------
Melee: Hand axe          |   104 |   108 |       |       |       ||   212
       Bite              |    14 |    15 |    23 |    49 |    93 ||   194
       Mace              |       |    54 |   241 |   436 |   529 ||  1260
       Unarmed           |       |    14 |       |       |    97 ||   111
       Punch             |       |       |     5 |    16 |    37 ||    58
Throw: Boomerang         |       |       |     5 |       |       ||     5
       Dart              |       |       |       |     2 |       ||     2
 Cast: Flame Wave        |       |       |       |     1 |    25 ||    26
       Frozen Ramparts   |       |       |       |     1 |    24 ||    25
       Stone Arrow       |       |       |       |       |     9 ||     9
       Summon Ice Beast  |       |       |       |       |    30 ||    30
       Blade Hands       |       |       |       |       |    11 ||    11
       Sticky Flame      |       |       |       |       |    13 ||    13
       Scorch            |       |       |       |       |    12 ||    12
       Conjure Flame     |       |       |       |       |     1 ||     1
       Irradiate         |       |       |       |       |     1 ||     1
Invok: Potion Petition   |       |       |       |       |     1 ||     1
Evoke: Wand              |       |       |     2 |    14 |    25 ||    41
  Use: Scroll            |     2 |       |    17 |     5 |     8 ||    32
       Potion            |       |       |     1 |     2 |     6 ||     9
 Stab: Sleeping          |     7 |     7 |     3 |     6 |    22 ||    45
       Distracted        |       |       |     2 |     7 |     7 ||    16
       Petrified         |       |       |       |     2 |     3 ||     5
Armor: Leather armour    |    27 |     3 |       |    20 |   238 ||   288
       Chain mail        |       |    86 |   206 |   273 |       ||   565
       Skin              |       |     4 |       |       |       ||     4
Dodge: Dodged            |    93 |    85 |   116 |   240 |   748 ||  1282

Table legend: (Time is in decaauts)
 A = Elapsed time spent in this place.
 B = Non-inter-level travel time spent in this place.
 C = Inter-level travel time spent in this place.
 D = Time resting spent in this place.
 E = Time spent auto-exploring this place.
 F = Levels seen in this place.
 G = Mean time per level.
                   A        B        C        D        E       F      G
               +--------+--------+--------+--------+--------+-----+--------+
         Total |  30207 |  29303 |    904 |   8954 |  14338 |  21 | 1438.4 |
       Dungeon |  12859 |  12227 |    632 |   2492 |   6737 |  11 | 1169.0 |
          Lair |  15740 |  15494 |    246 |   6056 |   7149 |   6 | 2623.3 |
    Slime Pits |     18 |     18 |      0 |      0 |      0 |   1 |   18.0 |
  Orcish Mines |   1274 |   1248 |     26 |    406 |    318 |   2 |  637.0 |
         Sewer |    315 |    315 |      0 |      0 |    134 |   1 |  315.0 |
               +--------+--------+--------+--------+--------+-----+--------+

Top non-repeatable levels by time:
  Lair:6: 4714 daAuts
  Lair:5: 3334 daAuts
  Lair:2: 2051 daAuts
  Lair:1: 2042 daAuts
  Lair:3: 2005 daAuts
  Lair:4: 1592 daAuts
     D:6: 1584 daAuts
     D:8: 1497 daAuts
    D:10: 1418 daAuts
     D:9: 1351 daAuts
     D:4: 1299 daAuts
     D:3: 1265 daAuts
     D:1: 1239 daAuts
     D:7: 1096 daAuts
     D:2: 1011 daAuts
